[Event "Late-Titled-Tuesday-Blitz-September-26-2023"]
[Site "Chess.com"]
[Date "2023.09.26"]
[Round "2"]
[White "PedroGil25"]
[Black "ozates"]
[Result "0-1"]
[WhiteElo "2332"]
[BlackElo "2546"]
[TimeControl "180+1"]
[EndTime "14:14:24 PDT"]
[Termination "ozates won by resignation"]

1. e4 e5 2. Nf3 Nc6 3. Nc3 g6 4. d4 exd4 5. Nd5 h6 6. Nxd4 a6 7. Be3 Bg7 8. Be2 Nf6 9. Nxf6+ Qxf6 10. c3 O-O 11. O-O Re8 12. Qc2 d6 13. Rae1 Bd7 14. f4 Qe7 15. Bf3 Nxd4 16. Bxd4 c5 17. Bxg7 Kxg7 18.
e5 Bf5 19. Qb3 Rab8 20. exd6 Qxd6 21. Rxe8 Rxe8 22. Qxb7 Qxf4 23. Qxa6 Qe3+ 24. Kh1 Bd3 0-1

[Event "Late-Titled-Tuesday-Blitz-September-26-2023"]
[Site "Chess.com"]
[Date "2023.09.26"]
[Round "2"]
[White "Balla_Tamas"]
[Black "ogpin"]
[Result "1-0"]
[WhiteElo "2418"]
[BlackElo "2042"]
[TimeControl "180+1"]
[EndTime "14:14:27 PDT"]
[Termination "Balla_Tamas won by resignation"]

1. e4 e5 2. Nf3 Nc6 3. d4 exd4 4. Nxd4 Bc5 5. Nb3 Bb6 6. Nc3 d6 7. Qe2 Nge7 8. Be3 Be6 9. O-O-O Ne5 10. f3 Bc4 11. Qf2 N7g6 12. Bxb6 axb6 13. Bxc4 Nxc4 14. Qd4 Nce5 15. h4 Qf6 16. Nd5 Qd8 17. h5 Nf4 18. Nxf4 Qg5 19. g3 Rxa2 20. Kb1 Ra6 21. Nd5 Nxf3 22. Nxc7+ Kd7 23. Qxd6+ Kc8 24. Nxa6 1-0

[Event "Late-Titled-Tuesday-Blitz-September-26-2023"]
[Site "Chess.com"]
[Date "2023.09.26"]
[Round "2"]
[White "giomar27"]
[Black "Shuvalov"]
[Result "0-1"]
[WhiteElo "2277"]
[BlackElo "2487"]
[TimeControl "180+1"]
[EndTime "14:14:31 PDT"]
[Termination "Shuvalov won by checkmate"]

1. f3 e5 2. Nh3 d5 3. Nf2 Nf6 4. g3 c5 5. Bg2 Nc6 6. O-O Bd6 7. d3 h5 8. Nc3 h4 9. e4 d4 10. Ne2 hxg3 11. hxg3 Bd7 12. f4 Ng4 13. Nxg4 Bxg4 14. Qe1 Qd7 15. Bd2 O-O-O 16. fxe5 Nxe5 17. Nf4 Rh7 18. b4 cxb4 19. Bxb4 Rdh8 20. Bxd6 Qxd6 21. c3 g5 22. Nd5 Qh6 23. Qd2 Qh2+ 24. Kf2 Qxg2+ 25. Kxg2 Rh2+ 26. Kg1 Rh1+ 27. Kf2 R8h2+ 28. Ke1 Rxf1+ 29. Kxf1 Rxd2 30. cxd4 Bh3+ 31. Ke1 Nf3# 0-1

[Event "Late-Titled-Tuesday-Blitz-September-26-2023"]
[Site "Chess.com"]
[Date "2023.09.26"]
[Round "2"]
[White "subham777"]
[Black "Fandorine"]
[Result "0-1"]
[WhiteElo "2599"]
[BlackElo "2943"]
[TimeControl "180+1"]
[EndTime "14:14:36 PDT"]
[Termination "Fandorine won by resignation"]

1. e4 e5 2. Nf3 Nc6 3. Bc4 Nf6 4. d3 Be7 5. c3 d6 6. Nbd2 O-O 7. Nf1 Na5 8. Bb5 a6 9. Ba4 b5 10. Bc2 c5 11.
Ng3 h6 12. Be3 Nc6 13. h3 d5 14. exd5 Nxd5 15. Qd2 f5 16. Bxh6 gxh6 17. Qxh6 Qd6 18. Qh5 Nf4 19. Bb3+ Kg7 20. O-O-O Nxh5 21. Nxh5+ Kh8 22.
g4 a5 23. Rdg1 a4 24. Bc2 a3 25. b3 b4 26. gxf5 Bxf5 27. Ng7 Qh6+ 28. Kb1 Qxg7 0-1

[Event "Late-Titled-Tuesday-Blitz-September-26-2023"]
[Site "Chess.com"]
[Date "2023.09.26"]
[Round "2"]
[White "ATM622"]
[Black "PassedPawnMustPushed"]
[Result "1-0"]
[WhiteElo "2435"]
[BlackElo "2119"]
[TimeControl "180+1"]
[EndTime "14:14:36 PDT"]
[Termination "ATM622 won by resignation"]

1. d4 Nf6 2. c4 d6 3. g3 g6 4. Bg2 Bg7 5. Nf3 c6 6. O-O O-O 7. Nc3 Nbd7 8. e4 e5 9. d5 Nc5 10. Qc2 a5 11. Rd1 Bg4 12. h3 Bxf3 13. Bxf3 Ne8 14.
Be3 Qc7 15. a3 f5 16. b4 axb4 17. axb4 Rxa1 18. Rxa1 fxe4 19. Nxe4 Rxf3 20. bxc5 cxd5 21. cxd5 dxc5 22. Nxc5 Nd6 23. Qe2 e4 24. Ra8+ Rf8 25. Ne6 1-0

[Event "Late-Titled-Tuesday-Blitz-September-26-2023"]
[Site "Chess.com"]
[Date "2023.09.26"]
[Round "2"]
[White "Fan_Of_Chucky"]
[Black "KVAIDAN"]
[Result "1-0"]
[WhiteElo "2477"]
[BlackElo "2272"]
[TimeControl "180+1"]
[EndTime "14:14:42 PDT"]
[Termination "Fan_Of_Chucky won by resignation"]

1. d4 e6 2. c4 f5 3. h3 Nf6 4. g4 fxg4 5. hxg4 Nxg4 6. Qd3 Nf6 7. Bg5 Nc6 8. Nc3 Bb4 9. Nf3 Qe7 10. Ne5 Bxc3+ 11.
bxc3 Qa3 12. Rxh7 Rf8 13. Qg6+ Kd8 14. Rc1 Qe7 15. Rxg7 Nxe5 16. dxe5 Ng8 17. Rxg8 1-0

[Event "Late-Titled-Tuesday-Blitz-September-26-2023"]
[Site "Chess.com"]
[Date "2023.09.26"]
[Round "2"]
[White "Rutricks"]
[Black "GMJustin"]
[Result "1-0"]
[WhiteElo "2672"]
[BlackElo "2229"]
[TimeControl "180+1"]
[EndTime "14:14:44 PDT"]
[Termination "Rutricks won on time"]

1. e4 e5 2. Nf3 Nc6 3. Bc4 Nf6 4. d3 Bc5 5. c3 a6 6. O-O O-O 7. Nbd2 d6 8. h3 h6 9. Bb3 Ba7 10. Re1 Nh5 11. Nf1 Qf6 12. Be3 Nf4 13. d4 Bd7 14. Ng3 g6 15. Bxf4 Qxf4 16. Nf5 Bxf5 17. g3 Qxe4 18.
Rxe4 Bxe4 19. Nd2 Bf5 20. g4 Bd7 21. Ne4 Kg7 22. Ng3 exd4 23. Qd2 1-0

[Event "Late-Titled-Tuesday-Blitz-September-26-2023"]
[Site "Chess.com"]
[Date "2023.09.26"]
[Round "2"]
[White "rikchessmx"]
[Black "NigelDwarf"]
[Result "1-0"]
[WhiteElo "2365"]
[BlackElo "2538"]
[TimeControl "180+1"]
[EndTime "14:14:55 PDT"]
[Termination "rikchessmx won by checkmate"]

1. e4 c5 2. Nf3 d6 3. d4 Nf6 4.
Nc3 cxd4 5. Nxd4 a6 6. f4 e5 7. Nf3 Nbd7 8. Bd3 Be7 9. O-O b5 10. a3 Bb7 11. Kh1 Rc8 12. Qe1 O-O 13. fxe5 Nxe5 14. Nd4 Re8 15. Nf5 Bf8 16. Bg5 d5 17. Qg3 Ng6 18. exd5 Rxc3 19. bxc3 Bxd5 20. Nh6+ Kh8 21.
Bxf6 gxf6 22. Nf5 Bc5 23. a4 Rg8 24. Nh6 Nh4 25. Nxf7+ Bxf7 26. Qxh4 Bd5 27. Qxh7# 1-0

[Event "Late-Titled-Tuesday-Blitz-September-26-2023"]
[Site "Chess.com"]
[Date "2023.09.26"]
[Round "2"]
[White "Francisco_Ferrari"]
[Black "Agibileg"]
[Result "0-1"]
[WhiteElo "2385"]
[BlackElo "2685"]
[TimeControl "180+1"]
[EndTime "14:14:56 PDT"]
[Termination "Agibileg won by resignation"]

1. e4 e5 2. Nf3 Nc6 3. Bc4 Nf6 4. d3 Bc5 5. c3 d6 6. Nbd2 a5 7. a4 Ba7 8. O-O O-O 9. h3 Be6 10. Re1 h6 11. Bxe6 fxe6 12. Qb3 Qc8 13. Qd1 Nh5 14.
Nf1 Qe8 15. Be3 Bxe3 16. Nxe3 Nf4 17. d4 exd4 18. cxd4 Qg6 19. Kh2 Qxe4 20. Qb3 Nb4 21.
Rac1 Nfd3 0-1

[Event "Late-Titled-Tuesday-Blitz-September-26-2023"]
[Site "Chess.com"]
[Date "2023.09.26"]
[Round "2"]
[White "AlexandraBotez"]
[Black "Cambek64"]
[Result "0-1"]
[WhiteElo "2239"]
[BlackElo "2464"]
[TimeControl "180+1"]
[EndTime "14:15:00 PDT"]
[Termination "Cambek64 won by resignation"]

1. d4 c5 2. d5 e5 3. c4 d6 4. Nc3 Nf6 5. e4 Be7 6. f3 O-O 7. Be3 Ne8 8. g4 Bh4+ 9. Bf2 Bxf2+ 10. Kxf2 g6 11. h4 f5 12. gxf5 gxf5 13. Bd3 f4 14. Nge2 Nf6 15. h5 Kh8 16. Qg1 Rg8 17. Qh2 Bd7 18. Rag1 Na6 19. Qh4 Rxg1 20. Nxg1 Qe7 21.
a3 Rg8 22. Nge2 Nc7 23. b4 Na6 24. b5 Nc7 25. h6 Rg6 26. a4 Nce8 27. a5 Qd8 28.
Ra1 Nxe4+ 29. Bxe4 Qxh4+ 0-1

[Event "Late-Titled-Tuesday-Blitz-September-26-2023"]
[Site "Chess.com"]
[Date "2023.09.26"]
[Round "2"]
[White "wadsy27"]
[Black "Njal28"]
[Result "0-1"]
[WhiteElo "2638"]
[BlackElo "3091"]
[TimeControl "180+1"]
[EndTime "14:15:06 PDT"]
[Termination "Njal28 won by resignation"]

1. Nf3 Nc6 2. d4 d6 3. c4 g6 4. Nc3 Bg7 5. g3 h5 6. h4 Nf6 7. Bg2 O-O 8. d5 Na5 9. b3 c5 10. Bb2 a6 11. O-O Rb8 12. Nd2 b5 13. Qc1 Ng4 14.
Rb1 Bf5 15. e4 Bd7 16. Nd1 Ne5 17. Qc2 bxc4 18. bxc4 Rb4 19. Ne3 Ba4 20. Qc3 Rxb2 21. Qxb2 Nf3+ 22. Bxf3 Bxb2 23. Rxb2 Bd7 24. Rfb1 e6 25.
Bg2 e5 26. Nf3 Kg7 27. Ng5 Qc7 28. Bf1 Ra8 29. Rb3 Nxb3 0-1

[Event "Late-Titled-Tuesday-Blitz-September-26-2023"]
[Site "Chess.com"]
[Date "2023.09.26"]
[Round "2"]
[White "SlipperySpeedster"]
[Black "Defenstrator"]
[Result "1-0"]
[WhiteElo "2629"]
[BlackElo "2372"]
[TimeControl "180+1"]
[EndTime "14:15:08 PDT"]
[Termination "SlipperySpeedster won by resignation"]

1. d4 Nf6 2. Nf3 c5 3. c3 d5 4. Bf4 Qb6 5. dxc5 Qxb2 6. Nbd2 Qxc3 7. e3 Nc6 8. Bb5 Bg4 9. O-O Qxc5 10. Qa4 Bd7 11.
Rfc1 Qb6 12. Rab1 Qd8 13. Bxc6 bxc6 14. Rb7 e6 15. Ne5 Be7 16. Nxd7 Nxd7 17. Qxc6 O-O 18.
Qxd7 Qa5 19. Nb3 Qxa2 20. Qxe7 Rac8 21. Rxc8 1-0

[Event "Late-Titled-Tuesday-Blitz-September-26-2023"]
[Site "Chess.com"]
[Date "2023.09.26"]
[Round "2"]
[White "pirulillo"]
[Black "sofaceindisguise"]
[Result "0-1"]
[WhiteElo "2369"]
[BlackElo "2704"]
[TimeControl "180+1"]
[EndTime "14:15:10 PDT"]
[Termination "sofaceindisguise won by resignation"]

1. e4 c5 2. Nf3 e6 3. d3 Nc6 4. g3 Nf6 5. Bg2 d5 6. Nbd2 g6 7. O-O Bg7 8. Re1 O-O 9. Qe2 b6 10. Nf1 a5 11. e5 Nd7 12. Bf4 a4 13. h4 f6 14. exf6 Nxf6 15. a3 Ra7 16. c3 Re7 17. d4 Ne4 18. Be5 Nxe5 19. Nxe5 Bxe5 20. Bxe4 Bxg3 21.
Nxg3 dxe4 22. Qxe4 Bb7 23. Qe5 cxd4 24. cxd4 Ref7 25. Re2 Qxh4 26. Ne4 Bd5 27. Ng5 Rf5 0-1

[Event "Late-Titled-Tuesday-Blitz-September-26-2023"]
[Site "Chess.com"]
[Date "2023.09.26"]
[Round "2"]
[White "Manukyan_Artak"]
[Black "Horokoskii"]
[Result "1-0"]
[WhiteElo "2434"]
[BlackElo "2094"]
[TimeControl "180+1"]
[EndTime "14:15:10 PDT"]
[Termination "Manukyan_Artak won by checkmate"]

1. e4 e6 2. d4 d5 3. e5 c5 4. c3 Nc6 5. Nf3 Bd7 6. a3 c4 7.
Nbd2 Na5 8. Rb1 Nb3 9. Nxb3 Ba4 10.
Nfd2 Qb6 11. Be2 Ne7 12. O-O Nc6 13. Qe1 Bxb3 14. Nxb3 Qxb3 15. Bd1 Qb6 16. b4 cxb3 17. Rxb3 Qa5 18. Rxb7 Bxa3 19. Bxa3 Qxa3 20. f4 O-O 21. f5 Na5 22. Rc7 exf5 23. Rxf5 Nc4 24. e6 fxe6 25. Qxe6+ Kh8 26. Qd7 Rg8 27. Rh5 Qxc3 28. Rxh7+ Kxh7 29. Qf5+ Kh6 30. Qh5# 1-0

[Event "Late-Titled-Tuesday-Blitz-September-26-2023"]
[Site "Chess.com"]
[Date "2023.09.26"]
[Round "2"]
[White "A-Fier"]
[Black "Rital44"]
[Result "1-0"]
[WhiteElo "2798"]
[BlackElo "2516"]
[TimeControl "180+1"]
[EndTime "14:15:24 PDT"]
[Termination "A-Fier won on time"]

1. e4 e5 2. f4 exf4 3. Nf3 d6 4.
d4 g5 5. h4 g4 6. Ng5 h6 7.
Nxf7 Kxf7 8. Bc4+ Ke8 9. Bxf4 Bg7 10. O-O Nc6 11. c3 Qxh4 12. Bf7+ Kd8 13. g3 Qe7 14. Qb3 Nf6 15. Na3 Na5 16. Qa4 Qxf7 17. Qxa5 b6 18. Qb5 Bd7 19. Qd3 Qe7 20. e5 Nd5 21. Qe4 Bc6 22.
c4 Nb4 23. d5 Bb7 24. e6 Na6 25. Be3 Be5 26. Rf7 Qe8 27. Raf1 Nc5 28. Bxc5 bxc5 29.
Nb5 Bd4+ 30. Kg2 Rc8 31. Rd7+ Qxd7 32. exd7 Be5 33. dxc8=Q+ Bxc8 34. Qg6 Bd7 35. Nxa7 1-0

[Event "Late-Titled-Tuesday-Blitz-September-26-2023"]
[Site "Chess.com"]
[Date "2023.09.26"]
[Round "2"]
[White "Kostukov_Alex"]
[Black "cthake"]
[Result "1-0"]
[WhiteElo "2408"]
[BlackElo "1892"]
[TimeControl "180+1"]
[EndTime "14:15:25 PDT"]
[Termination "Kostukov_Alex won by resignation"]

1. g3 d5 2. Bg2 c6 3. d3 e5 4. e4 Nf6 5. Qe2 Bd6 6. Nf3 Nbd7 7. O-O O-O 8. c4 d4 9. Nh4 Re8 10. Nf5 Bf8 11. f4 exf4 12. Bxf4 Ne5 13. Bg5 Bxf5 14. Rxf5 Qd6 15. Bxf6 gxf6 16. Nd2 Bg7 17.
a3 a5 18. Nf3 c5 19. Nh4 Rad8 20. Raf1 b6 21. Bh3 Kh8 22. Rh5 Ng6 23. Nf5 Re5 24.
Nxd6 1-0

[Event "Late-Titled-Tuesday-Blitz-September-26-2023"]
[Site "Chess.com"]
[Date "2023.09.26"]
[Round "2"]
[White "bettercallcafu"]
[Black "Chessbard1972"]
[Result "1-0"]
[WhiteElo "2680"]
[BlackElo "2382"]
[TimeControl "180+1"]
[EndTime "14:15:35 PDT"]
[Termination "bettercallcafu won by resignation"]

1. d4 Nf6 2. Nc3 d5 3. Bf4 Bf5 4. e3 e6 5. Bd3 Bb4 6. Ne2 a6 7.
O-O Bxd3 8. cxd3 c5 9. Rc1 Nc6 10. dxc5 Bxc5 11. Qb3 Qe7 12. d4 Ba7 13. Na4 O-O 14.
Nc5 Nd8 15. h3 h6 16. Rc2 Ne4 17. Nxe4 dxe4 18. Nc3 f5 19. d5 exd5 20. Nxd5 Qf7 21. Rc7 Qe6 22. Re7 Qg6 23. Nc7+ Kh8 24. Nxa8 Nc6 25.
Re6 Qf7 26. Nc7 g5 27. Bd6 Rc8 28. Rxh6+ Kg7 29. Rh7+ 1-0

[Event "Late-Titled-Tuesday-Blitz-September-26-2023"]
[Site "Chess.com"]
[Date "2023.09.26"]
[Round "2"]
[White "Schattman"]
[Black "RebecaJimnz"]
[Result "1/2-1/2"]
[WhiteElo "2445"]
[BlackElo "2174"]
[TimeControl "180+1"]
[EndTime "14:15:36 PDT"]
[Termination "Game drawn by agreement"]

1. Nf3 g6 2. e4 Bg7 3. d4 d6 4.
Bc4 Nf6 5. Qe2 O-O 6. e5 dxe5 7.
dxe5 Nd5 8. h3 a6 9. a4 b6 10. O-O Bb7 11. Rd1 e6 12. Bg5 Qe8 13. c3 Nd7 14. Nbd2 h6 15. Bxd5 exd5 16. Bf4 c5 17. Re1 Qe6 18. b4 Rfe8 19. a5 b5 20. bxc5 Nxc5 21. Nd4 Qe7 22. Qe3 Kh7 23. N4b3 Ne6 24. Bg3 Rac8 25. Nd4 Rc7 26. Nxe6 Qxe6 1/2-1/2

[Event "Late-Titled-Tuesday-Blitz-September-26-2023"]
[Site "Chess.com"]
[Date "2023.09.26"]
[Round "2"]
[White "dedpihto_v_kozhanom_palto"]
[Black "ljm509"]
[Result "1-0"]
[WhiteElo "2689"]
[BlackElo "2316"]
[TimeControl "180+1"]
[EndTime "14:15:38 PDT"]
[Termination "dedpihto_v_kozhanom_palto won by resignation"]

1. c4 e6 2. Nc3 d5 3. cxd5 exd5 4. d4 h6 5. Bf4 c6 6. Nf3 Bd6 7. Bg3 Bxg3 8. hxg3 Nf6 9. e3 Bf5 10. Bd3 Bxd3 11.
Qxd3 Nbd7 12. Rc1 Qe7 13. Nd2 O-O 14. O-O Ng4 15. Qf5 Ndf6 16. Rce1 g6 17. Qd3 h5 18. a3 Kg7 19. e4 dxe4 20. Ndxe4 Nxe4 21. Rxe4 Qd6 22. Rfe1 Rad8 23. Qc4 Nf6 24. Rf4 Nd5 25. Nxd5 Qxd5 26. Qc3 Rfe8 27. Re5 Rxe5 28. dxe5 Qd1+ 29. Kh2 Qd2 30. e6+ Qxc3 31. Rxf7+ Kg8 32. bxc3 Rd3 33. Rxb7 Rxc3 34. Rb8+ Kg7 35. e7 1-0

[Event "Late-Titled-Tuesday-Blitz-September-26-2023"]
[Site "Chess.com"]
[Date "2023.09.26"]
[Round "2"]
[White "Artyom_ChessMate"]
[Black "YouShallNotPass001"]
[Result "0-1"]
[WhiteElo "2521"]
[BlackElo "2347"]
[TimeControl "180+1"]
[EndTime "14:15:41 PDT"]
[Termination "YouShallNotPass001 won by resignation"]

1. d4 Nf6 2. Nf3 e6 3. Bf4 c5 4.
e3 b6 5. c3 Be7 6. h3 Bb7 7. Be2 O-O 8. O-O cxd4 9. cxd4 d6 10.
Nc3 Nbd7 11. Rc1 a6 12. Bd3 b5 13. a3 Nb6 14. e4 Nc4 15. Qe2 d5 16. e5 Ne4 17. Nxe4 dxe4 18. Bxe4 Bxe4 19. Qxe4 Nxb2 20. Nd2 Bxa3 21. h4 Nc4 22. Nf3 Bxc1 23. Rxc1 Qd5 24.
Qd3 f5 25. exf6 Rxf6 26. Bg5 Rf5 27. Re1 a5 28. Bc1 a4 29. Ng5 g6 30. Nxe6 Re8 31.
Qe2 Rf6 0-1

[Event "Late-Titled-Tuesday-Blitz-September-26-2023"]
[Site "Chess.com"]
[Date "2023.09.26"]
[Round "2"]
[White "djano"]
[Black "MagnusCarlsen"]
[Result "0-1"]
[WhiteElo "2662"]
[BlackElo "3280"]
[TimeControl "180+1"]
[EndTime "14:15:44 PDT"]
[Termination "MagnusCarlsen won on time"]

1. e4 c5 2. Nc3 a6 3. d4 cxd4 4.
Qxd4 Nc6 5. Qd2 e6 6. b3 d5 7. exd5 exd5 8. Nxd5 Nf6 9. Nc3 Bf5 10. Bd3 Bxd3 11. Qxd3 Nb4 12. Qe2+ Qe7 13. Kf1 O-O-O 14. Qxe7 Bxe7 15. Bf4 Rhe8 16. Nf3 Nh5 17. Bd2 Bf6 18. a3 Rxd2 19. Nxd2 Bxc3 20. Rd1 Rd8 21. axb4 Bxd2 22. Ke2 Nf4+ 23. Kf3 Ne6 0-1

[Event "Late-Titled-Tuesday-Blitz-September-26-2023"]
[Site "Chess.com"]
[Date "2023.09.26"]
[Round "2"]
[White "GadimbayliA"]
[Black "BigAl"]
[Result "1-0"]
[WhiteElo "2861"]
[BlackElo "2557"]
[TimeControl "180+1"]
[EndTime "14:15:44 PDT"]
[Termination "GadimbayliA won by resignation"]

1. e4 c6 2. Nf3 g6 3. d4 Bg7 4.
Bd3 d6 5. O-O Nf6 6. Re1 O-O 7. c3 Bg4 8. h3 Bxf3 9. Qxf3 e5 10. Nd2 Nfd7 11. Nc4 exd4 12. cxd4 Bxd4 13. Bh6 Bg7 14.
Bxg7 Kxg7 15. Rad1 Ne5 16. Qg3 Qe7 17. Ne3 Kh8 18. Bf1 f6 19. f4 Nf7 20. Nc4 Nd7 21. Qc3 Kg8 22. b4 Nb6 23. Nb2 Rae8 24. a4 Nd7 25. Bc4 Kg7 26. Qd4 a6 27. Bxf7 Qxf7 28.
Nc4 c5 29. Qd3 Rd8 30. Nxd6 c4 31. Nxf7 cxd3 32. Nxd8 Rxd8 33. Rxd3 1-0

[Event "Late-Titled-Tuesday-Blitz-September-26-2023"]
[Site "Chess.com"]
[Date "2023.09.26"]
[Round "2"]
[White "IlanSchnaider"]
[Black "koncheto"]
[Result "1-0"]
[WhiteElo "2808"]
[BlackElo "2532"]
[TimeControl "180+1"]
[EndTime "14:15:45 PDT"]
[Termination "IlanSchnaider won by resignation"]

1. e4 c5 2. Nf3 d6 3. Bb5+ Nc6 4.
O-O Bd7 5. Re1 a6 6. Bf1 Bg4 7. c3 g6 8. h3 Bxf3 9. Qxf3 Bg7 10. Na3 Nf6 11. Nc2 Nd7 12. Qg3 O-O 13. Rd1 b5 14. d4 b4 15. Be3 bxc3 16. bxc3 Qa5 17. Bg5 h6 18. d5 hxg5 19. dxc6 Ne5 20. Qxg5 Nxc6 21. Rd3 Bxc3 22. Rad1 Bf6 23. Qh6 Nb4 24. Rg3 Nxc2 25. Rxg6+ fxg6 26. Bc4+ Rf7 27. Qxg6+ Kh8 28. Bxf7 1-0

[Event "Late-Titled-Tuesday-Blitz-September-26-2023"]
[Site "Chess.com"]
[Date "2023.09.26"]
[Round "2"]
[White "Berardino"]
[Black "mishanick"]
[Result "0-1"]
[WhiteElo "2636"]
[BlackElo "3091"]
[TimeControl "180+1"]
[EndTime "14:15:47 PDT"]
[Termination "mishanick won on time"]

1. e4 c5 2. Nf3 Nc6 3. d4 cxd4 4. Nxd4 Nf6 5. Nc3 e6 6. Be2 d6 7. O-O Be7 8. f4 O-O 9. Be3 Qc7 10. Kh1 a6 11.
Qe1 b5 12. Nxc6 Qxc6 13. e5 dxe5 14. fxe5 Nd5 15. Nxd5 exd5 16. Bd3 Bc5 17. Qh4 g6 18. Bxc5 Qxc5 19. Rf4 d4 20. Re1 Re8 21. Rxf7 Kxf7 22. Qxh7+ Ke6 23. Qxg6+ Kd7 24. e6+ Kd8 25. e7+ Rxe7 26.
Qf6 Bd7 27. Qf8+ Be8 0-1

[Event "Late-Titled-Tuesday-Blitz-September-26-2023"]
[Site "Chess.com"]
[Date "2023.09.26"]
[Round "2"]
[White "tarno17"]
[Black "Druid24"]
[Result "0-1"]
[WhiteElo "2165"]
[BlackElo "2668"]
[TimeControl "180+1"]
[EndTime "14:15:48 PDT"]
[Termination "Druid24 won by resignation"]

1. e4 c5 2. Nf3 e6 3. c3 d5 4.
exd5 exd5 5. d4 Nf6 6. Bb5+ Bd7 7.
Bxd7+ Nbxd7 8. O-O Be7 9. Re1 O-O 10. Bf4 Rc8 11. Nbd2 Re8 12. Nf1 cxd4 13. Nxd4 Nb6 14.
Ng3 Nc4 15. Rb1 Bc5 16. Ngf5 Rxe1+ 17. Qxe1 Qd7 18. Qe2 Re8 19. Qf3 Nxb2 20. Nxg7 Kxg7 21. Bh6+ Kg6 22. Qf4 Qg4 23. Qd2 Nc4 24. Qc1 Bxd4 25.
cxd4 Re2 26. h3 Qh5 27. Bf4 Ne4 28. Qd1 Rxf2 29. Rxb7 Qxd1+ 0-1

[Event "Late-Titled-Tuesday-Blitz-September-26-2023"]
[Site "Chess.com"]
[Date "2023.09.26"]
[Round "2"]
[White "maksimys18"]
[Black "Verony64"]
[Result "1-0"]
[WhiteElo "2494"]
[BlackElo "2289"]
[TimeControl "180+1"]
[EndTime "14:15:50 PDT"]
[Termination "maksimys18 won by checkmate"]

1. d4 d6 2. Nf3 c6 3. c4 Nd7 4.
Nc3 e5 5. Bg5 f6 6. Bh4 Ne7 7. e3 Nf5 8. Be2 Nxh4 9. Nxh4 g6 10.
f4 Bg7 11. O-O exd4 12. exd4 f5 13. Nf3 O-O 14. d5 c5 15. Ng5 Nf6 16. Bf3 Re8 17. Re1 Bd7 18. Ne6 Qb6 19. Qb3 Ng4 20. Bxg4 fxg4 21. Qc2 Bxe6 22. dxe6 Bd4+ 23. Kh1 Qd8 24.
Nd5 Qh4 25. g3 Qh3 26. Re4 Kg7 27. Rae1 Rac8 28. e7 Rc6 29. f5 gxf5 30. Rxd4 cxd4 31. Qxf5 Qh6 32. Rf1 Qg6 33. Qf8+ Rxf8 34. exf8=Q# 1-0

[Event "Late-Titled-Tuesday-Blitz-September-26-2023"]
[Site "Chess.com"]
[Date "2023.09.26"]
[Round "2"]
[White "2346PL"]
[Black "Danishcrown"]
[Result "1-0"]
[WhiteElo "2434"]
[BlackElo "2118"]
[TimeControl "180+1"]
[EndTime "14:15:57 PDT"]
[Termination "2346PL won on time"]

1. Nf3 c6 2. e4 d5 3. d3 dxe4 4. Ng5 Nf6 5. Nxe4 Nxe4 6. dxe4 Qxd1+ 7. Kxd1 e5 8. Bc4 Bc5 9. Ke2 Nd7 10. c3 Nf6 11. f3 h5 12. b4 Bd6 13. Be3 h4 14.
Nd2 Ke7 15. a4 Be6 16. a5 Bxc4+ 17. Nxc4 Nh5 18. Rhd1 Bc7 19. Bc5+ Ke6 20. a6 b6 21. Bd6 Nf4+ 22. Kf2 Bxd6 23. Rxd6+ Ke7 24. Rad1 b5 25.
Nxe5 f6 26. Nxc6+ Kf7 27. Rd7+ Kg6 28. Ne7+ Kg5 29. Nf5 g6 30. Ne3 Rhc8 31. Nd5 Ne6 32. Rd6 1-0

[Event "Late-Titled-Tuesday-Blitz-September-26-2023"]
[Site "Chess.com"]
[Date "2023.09.26"]
[Round "2"]
[White "DuleMudule"]
[Black "Real_taiatai"]
[Result "1-0"]
[WhiteElo "2802"]
[BlackElo "2525"]
[TimeControl "180+1"]
[EndTime "14:16:00 PDT"]
[Termination "DuleMudule won by checkmate"]

1. d4 Nf6 2. Bg5 d5 3. e3 Nbd7 4. c4 e6 5. Nc3 c6 6. cxd5 exd5 7.
Bd3 h6 8. Bf4 Be7 9. h3 Nb6 10. Nf3 Be6 11. Qc2 Bd6 12. Bxd6 Qxd6 13. Ne5 O-O 14. O-O Nfd7 15. f4 f6 16. Ng6 Rfe8 17.
Rae1 Bf7 18. Nh4 Nf8 19. Qf2 Qd7 20. Qg3 Be6 21. Kh2 Kh8 22. b3 Nc8 23. e4 dxe4 24.
Nxe4 Nd6 25. Nc5 Qf7 26. Ng6+ Nxg6 27. Bxg6 Nf5 28. Qg4 Nxd4 29. Nxe6 Qd7 30. Bxe8 Qd5 31. Qxg7# 1-0

[Event "Late-Titled-Tuesday-Blitz-September-26-2023"]
[Site "Chess.com"]
[Date "2023.09.26"]
[Round "2"]
[White "HalfIsCrayfish"]
[Black "leotobares"]
[Result "1-0"]
[WhiteElo "2602"]
[BlackElo "2364"]
[TimeControl "180+1"]
[EndTime "14:16:03 PDT"]
[Termination "HalfIsCrayfish won by resignation"]

1. Nc3 c5 2. Nb1 d5 3. Nf3 g6 4. g3 Bg7 5. Bg2 Nc6 6. O-O Nf6 7. d3 O-O 8. Re1 e5 9. Bg5 h6 10. Bxf6 Bxf6 11. e4 Be6 12. Nc3 d4 13. Ne2 Bg7 14.
Nd2 b5 15. f4 Qd7 16. Rf1 Bg4 17. f5 c4 18. h3 Bxe2 19. Qxe2 cxd3 20. cxd3 Rac8 21. a3 Qe7 22. Nb3 Qg5 23. Rf3 Rc7 24. Raf1 Rfc8 25. h4 Qd8 26. fxg6 fxg6 27. Bh3 Rb8 28.
Nc5 Qe7 29. Na6 Rbc8 30. Nxc7 Rxc7 31. Qc2 h5 32. Qb3+ Kh7 33. Rf7 Qd6 34. Rxc7 Qxc7 35. Qf7 b4 36. Qxc7 1-0

[Event "Late-Titled-Tuesday-Blitz-September-26-2023"]
[Site "Chess.com"]
[Date "2023.09.26"]
[Round "2"]
[White "Gyulamiryan-koryun"]
[Black "EsmeraldasAnderson03"]
[Result "0-1"]
[WhiteElo "2008"]
[BlackElo "2416"]
[TimeControl "180+1"]
[EndTime "14:16:10 PDT"]
[Termination "EsmeraldasAnderson03 won on time"]

1. e4 c5 2. Nf3 d6 3. d4 cxd4 4. Nxd4 Nf6 5. Nc3 a6 6. Be3 e5 7.
Nb3 Be6 8. f3 Be7 9. Qd2 b5 10.
O-O-O Nbd7 11. Nd5 Bxd5 12. exd5 Nb6 13. Na5 Nbxd5 14. Nc6 Qc7 15. Nxe7 Nxe3 16. Qxd6 Qxd6 17. Rxd6 Kxe7 18. Rc6 Rhc8 19. Rxc8 Rxc8 20. c3 Nxf1 21. Rxf1 Nd5 22. Rd1 Ke6 23. g3 f5 24. g4 g6 25. h3 Nf4 26. h4 h5 27. gxh5 gxh5 28.
Kc2 Ng2 29. Rh1 Rg8 30. Kb3 Rg3 31. a4 bxa4+ 32. Kxa4 Rxf3 33. Ka5 e4 0-1

[Event "Late-Titled-Tuesday-Blitz-September-26-2023"]
[Site "Chess.com"]
[Date "2023.09.26"]
[Round "2"]
[White "JM2005GM"]
[Black "ferdipy"]
[Result "0-1"]
[WhiteElo "2486"]
[BlackElo "2324"]
[TimeControl "180+1"]
[EndTime "14:16:19 PDT"]
[Termination "ferdipy won by resignation"]

1. e4 e6 2. d4 d5 3. e5 c5 4.
c3 Nc6 5. Nf3 Qb6 6. Bd3 cxd4 7.
cxd4 Bd7 8. O-O Nxd4 9. Nxd4 Qxd4 10. Nc3 Bc5 11. Be3 Qb4 12. Bxc5 Qxc5 13. Qg4 g6 14. Rac1 Qb6 15. a4 a6 16. b4 h5 17. Qg5 Qxb4 18. Qe3 Rc8 19. Ne2 Rxc1 20. Rxc1 Ne7 21. Ng3 h4 22. Ne2 h3 23. g3 Nc6 24. f3 Qxa4 25. Qb6 Nxe5 26. Qxb7 Nxd3 0-1

[Event "Late-Titled-Tuesday-Blitz-September-26-2023"]
[Site "Chess.com"]
[Date "2023.09.26"]
[Round "2"]
[White "nOcHeaTiNgKiD"]
[Black "h4parah5"]
[Result "0-1"]
[WhiteElo "2599"]
[BlackElo "2962"]
[TimeControl "180+1"]
[EndTime "14:16:20 PDT"]
[Termination "h4parah5 won by resignation"]

1. d4 Nf6 2. Nf3 g6 3. Bf4 Bg7 4. c3 O-O 5. Nbd2 d6 6. e4 c5 7. dxc5 dxc5 8. h3 Nc6 9. Be2 Be6 10. Qc2 h6 11. O-O Qc8 12. Rfd1 Rd8 13. a4 b6 14. Nc4 Qb7 15. Bf1 Rac8 16. Bh2 a6 17. Ncd2 Na5 18. Be2 Ne8 19. Ne5 Nd6 20. f3 h5 21. Bf4 c4 22. Nf1 Rc5 23. Nxg6 fxg6 24. h4 Rcc8 0-1